 Dungeon Crawl Stone Soup version 0.22-a0-469-gf26638a (webtiles) character file.

1915 MisterFreud the Slicer (level 9, -4/47 HPs)
             Began as a Kobold Artificer on June 11, 2018.
             Slain by Prince Ribbit (17 damage)
             ... on level 6 of the Dungeon.
             The game lasted 00:22:29 (7264 turns).

MisterFreud the Slicer (Kobold Artificer)           Turns: 7264, Time: 00:22:29

Health: -4/47      AC:  3    Str: 11    XL:     9   Next: 39%
Magic:  13/13      EV: 19    Int: 12    God:    Xom [..*...]
Gold:   385        SH:  0    Dex: 17    Spells: 8/8 levels left

rFire    . . .     SeeInvis .   a - +3 dagger (venom)
rCold    . . .     Gourm    .   (shield restricted)
rNeg     . . .     Faith    .   s - +0 leather armour
rPois    .         Spirit   .   (no helmet)
rElec    .         Reflect  .   (no cloak)
rCorr    .         Harm     .   (no gloves)
MR       .....                  (no boots)
Stlth    +++.......             (no amulet)
HPRegen  0.15/turn              (no ring)
MPRegen  0.13/turn              (no ring)

@: no status effects
A: small, carnivore
a: Renounce Religion


You were on level 6 of the Dungeon.
You worshipped Xom.
You were a toy of Xom.
You were very full.

You visited 2 branches of the dungeon, and saw 7 of its levels.

You collected 385 gold pieces.

Inventory:

Hand Weapons
 a - a +3 dagger of venom (weapon)
 b - a +2 hunting sling of flaming
 v - the +4 hunting sling "Sawaf" {velocity, *Corrode rElec Int-4 SInv}
   (You found it on level 6 of the Dungeon)

   Any stone fired from it inflicts extra damage.
   It affects your intelligence (-4).
   It insulates you from electricity.
   It lets you see invisible.
   It may corrode you when you take damage.
Missiles
 g - 345 stones (quivered)
 o - 87 arrows
Armour
 s - a +0 leather armour (worn)
Wands
 c - a wand of flame (9)
 d - a wand of enslavement (24)
 e - a wand of random effects (49)
 q - a wand of digging (18)
Scrolls
 k - a scroll of identify
 n - 4 scrolls of remove curse
 p - 2 scrolls of amnesia
 r - 2 scrolls of teleportation {unknown}
 u - a scroll of noise {unknown}
Potions
 h - 2 potions of brilliance
 i - a potion of heal wounds
 j - a potion of lignification
 l - a potion of mutation
 m - 2 potions of curing
 t - a potion of magic
 x - a potion of degeneration
 z - 2 potions of resistance
Comestibles
 f - 8 rations


   Skills:
 - Level 1.1 Fighting
 - Level 10.3 Short Blades
 + Level 7.6 Dodging
 - Level 6.0 Stealth
 - Level 6.3 Evocations


You had 8 spell levels left.
You didn't know any spells.
Your spell library contained the following spells:

 Spells                   Type           Power        Failure   Level  Hunger
 Confuse                  Hex            #.......     78%         3    ####...
 Confusing Touch          Hex            #.....       41%         1    ##.....
 Metabolic Englaciation   Hex/Ice        #.........   100%        5    ######.
 Petrify                  Tmut/Erth      #.......     99%         4    #####..
 Gell's Gravitas          Tloc           #.........   78%         3    ####...
 Yara's Violent Unravell  Hex/Tmut       #.........   100%        5    ######.


Dungeon Overview and Level Annotations

Branches:
Dungeon (6/15)             Temple (1/1) D:5

Altars:
Fedhas
Kikubaaqudgha
Nemelex Xobeh
Okawaru
Sif Muna
Trog
Uskayaw
Vehumet
Wu Jian
Xom

Shops:
D:4 }

Annotations:
D:6 Prince Ribbit


Innate Abilities, Weirdness & Mutations

You are small and have problems with some larger weapons.
You are carnivorous and can eat meat at any time.


Message History

You completely miss the ogre.
The ogre is almost dead.
The ogre hits you with a giant club.
You kill the ogre!
Prince Ribbit is no longer charmed.
Evoke which item? (* to show all) (? for menu, Esc to quit)
Aiming: Random Effects
Press: ? - help, Shift-Dir - straight line, f - Prince Ribbit
Aim: Prince Ribbit Prince Ribbit flickers and vanishes!
Deactivating autopickup; reactivate with Ctrl-A.
You hit the water moccasin zombie.
The water moccasin zombie is heavily damaged.
The water moccasin zombie bites you. Something hits you!
* * * LOW HITPOINT WARNING * * *
Okay, then.
As you read the scroll labeled KOACRO XUOQE, it crumbles to dust.
It is a scroll of amnesia.
You feel forgetful for a moment. Something hits you!
You die...

#.#####.# #.#
#...#...# #####.#
###.#.###### Y
..#... #........#
#.#..# ##.#####.
####.#..# #...ยง#
#.......#
#)##.........##.#.##
#.#####.#. #.#.##
#.Z@....# ..#...
######### ####### #
# # # #


You could see a water moccasin zombie.

Vanquished Creatures
  The ghost of MisterFreud the Cutter, an amateur KoAr (D:3)
  2 orc warriors
  3 ogres
  A phantom (D:6)
  A centaur (D:5)
  Blork the orc (D:5)
  A bullfrog (D:6)
  A scorpion (D:4)
  A vampire bat (D:5)
  3 crimson imps
  A centaur zombie (D:5)
  3 hounds
  2 orc priests
  A bullfrog skeleton (D:6)
  2 worker ants
  Ijyb (D:3)
  Natasha (thrice) (D:3)
  7 orc wizards
  A hound skeleton (D:5)
  A gnoll (D:1)
  5 adders
  A shadow imp (D:5)
  3 worms
  2 dart slugs (D:1)
  2 leopard geckos
  28 orcs
  A ball python (D:3)
  2 giant cockroaches
  8 hobgoblins
  4 jackals (D:2)
  9 kobolds
  2 quokkas
  17 bats
  4 frilled lizards
  8 goblins
  A jackal skeleton (D:6)
  7 rats
141 creatures vanquished.

Vanquished Creatures (collateral kills)
  A centaur (D:6)
1 creature vanquished.

Grand Total: 142 creatures vanquished

Notes
Turn   | Place    | Note
-------+----------+-------------------------------------------
     0 | D:1      | MisterFreud the Kobold Artificer began the quest for the Orb.
     0 | D:1      | Reached XP level 1. HP: 12/12 MP: 3/3
   173 | D:1      | Reached skill level 2 in Short Blades
   177 | D:1      | Reached XP level 2. HP: 16/16 MP: 4/4
   328 | D:1      | Reached skill level 3 in Short Blades
   643 | D:1      | Reached skill level 4 in Short Blades
   643 | D:1      | Reached XP level 3. HP: 20/20 MP: 5/5
   998 | D:2      | Reached XP level 4. HP: 14/25 MP: 6/6
  1248 | D:2      | Reached skill level 5 in Short Blades
  1842 | D:3      | Reached skill level 6 in Short Blades
  1842 | D:3      | Reached XP level 5. HP: 25/29 MP: 7/7
  1964 | D:3      | Found a bloodstained altar of Trog.
  2064 | D:3      | Noticed Natasha
  2066 | D:3      | Killed Natasha
  2071 | D:3      | Noticed Natasha
  2075 | D:3      | Killed Natasha
  2434 | D:3      | Noticed Ijyb
  2456 | D:3      | Killed Ijyb
  2456 | D:3      | Reached XP level 6. HP: 33/34 MP: 9/9
  2559 | D:3      | Noticed MisterFreud's ghost (amateur KoAr)
  3014 | D:3      | Killed MisterFreud's ghost
  3014 | D:3      | Reached XP level 7. HP: 36/38 MP: 9/11
  3054 | D:3      | Noticed Natasha
  3080 | D:3      | Killed Natasha
  3296 | D:4      | Found Exeheif's Gadget Shoppe.
  3869 | D:4      | Reached skill level 7 in Short Blades
  4053 | D:4      | Reached skill level 5 in Stealth
  4281 | D:4      | Reached XP level 8. HP: 37/43 MP: 12/12
  4483 | D:4      | Reached skill level 8 in Short Blades
  4919 | D:5      | Entered Level 5 of the Dungeon
  5259 | D:5      | Reached skill level 9 in Short Blades
  5301 | D:5      | Found a staircase to the Ecumenical Temple.
  5308 | Temple   | Entered the Ecumenical Temple
  5374 | Temple   | Became a worshipper of Xom of Enforced Whimsey
  5406 | D:5      | Noticed Blork the orc
  5419 | D:5      | Killed Blork the orc
  5680 | D:5      | XOM: divination: detect creatures
  5894 | D:6      | Got an encrusted hunting sling
  5895 | D:6      | Identified the +4 hunting sling "Sawaf" {velocity, *Corrode rElec Int-4 SInv} (You found it on level 6 of the Dungeon)
  5961 | D:5      | Reached skill level 10 in Short Blades
  6053 | D:6      | XOM: silly message
  6245 | D:6      | XOM: divination: detect creatures
  6272 | D:6      | XOM: potion effect (curing)
  6273 | D:6      | XOM: potion effect (berserk rage)
  6281 | D:6      | Reached XP level 9. HP: 26/47 MP: 13/13
  6288 | D:6      | Reached skill level 5 in Dodging
  6331 | D:6      | XOM: noise
  6383 | D:6      | XOM: enchant monster (bad)
  6854 | D:6      | Found an iron altar of Okawaru.
  6951 | D:6      | XOM: god gift: whip {god gift}
  6977 | D:6      | XOM: medium Conj miscast
  6986 | D:6      | XOM: summons 3 friendly demons
  7220 | D:6      | Noticed Prince Ribbit
  7226 | D:6      | XOM: enchant monster (good)
  7264 | D:6      | Slain by Prince Ribbit

Vault maps used:
D:1:      saegor_arrival_miasma
D:3:      first_ration, trog_book, uniq_natasha, uniq_ijyb
D:4:      serial_shops, nicolae_shop_trees
D:5:      minmay_temple_entry_mist, roderic_batcave, uniq_blork_the_orc
D:6:      okawaru_trees_1, uniq_prince_ribbit1
Temple:   roderic_octagonal_lattice_temple

Skill      XL: |  1  2  3  4  5  6  7  8  9 |
---------------+----------------------------+-----
Short Blades   | 2 4 6 7 10 | 10.3
Stealth        | 3 4 5 6 |  6.0
Evocations     | 4 6 |  6.3
Dodging        | 4 7 |  7.6
Fighting       | |  1.1

Action                   |  1- 3 |  4- 6 |  7- 9 || total
-------------------------+-------+-------+-------++-------
Melee: Short sword       |    84 |    41 |       ||   125
       Dagger            |       |    99 |   304 ||   403
 Fire: Hunting sling     |       |    35 |    20 ||    55
Evoke: Wand              |     3 |    12 |    17 ||    32
  Use: Potion            |     1 |       |     2 ||     3
       Scroll            |       |     5 |     5 ||    10
 Stab: Sleeping          |     3 |     3 |     6 ||    12
       Confused          |       |     1 |     1 ||     2
       Distracted        |       |     1 |     1 ||     2
  Eat: Chunk             |     4 |    11 |    12 ||    27
Armor: Leather armour    |    19 |    10 |    22 ||    51
Dodge: Dodged            |    62 |    68 |   153 ||   283

Table legend:
 A = Spawn XP
 B = Non-spawn XP
 C = Spawn XP percentage of total XP
 D = Spawn monster count
 E = Non-spawn monster count
 F = Spawn count percentage of total count
 G = Total turns spent on level
                    A         B        C        D         E        F      G
               +---------+---------+-------+---------+---------+-------+---------
         Total |       0 |    2736 |   0.0 |       0 |     142 |   0.0 |  7264
               +---------+---------+-------+---------+---------+-------+---------
           D:1 |       0 |      48 |   0.0 |       0 |      21 |   0.0 |  1106
           D:2 |       0 |      63 |   0.0 |       0 |      22 |   0.0 |  1091
           D:3 |       0 |     511 |   0.0 |       0 |      32 |   0.0 |  1650
           D:4 |       0 |     515 |   0.0 |       0 |      22 |   0.0 |  1072
           D:5 |       0 |     686 |   0.0 |       0 |      25 |   0.0 |  1536
           D:6 |       0 |     913 |   0.0 |       0 |      20 |   0.0 |   721
               +---------+---------+-------+---------+---------+-------+---------
